 Dungeon Crawl Stone Soup version 0.15-a0-413-gc6111ba (webtiles) character file.

14289 4tharraofdagon the Martial Artist (level 12, -6/62 HPs)
             Began as a Vine Stalker Monk on May 5, 2014.
             Was a High Priest of Cheibriados.
             Mangled by a death yak (15 damage)
             ... on Level 7 of the Lair of Beasts.
             The game lasted 00:35:41 (5443 turns).

4tharraofdagon the Martial Artist (VSMo)            Turns: 5443, Time: 00:35:41

HP  -6/62        AC  6     Str 29      XL: 12   Next: 10%
MP   0/26        EV 20     Int 28      God: Cheibriados [*****.]
Gold 392         SH  0     Dex 31      Spells:  4 memorised, 15 levels left

rFire  + . .     SeeInvis .       - Unarmed
rCold  + . .     Clarity  .     a - +2 robe {rF+}
rNeg   . . .     Conserve +     (no shield)
rPois  +         rCorr    .     q - +0 helmet
rElec  .         rRot     +     J - +0 cloak
SustAb . .       Spirit   +     (no gloves)
rMut   .         Warding  .     (no boots)
Saprov . . .     Stasis   .     k - amulet of conservation
MR     +....                    C - +5 ring of intelligence
                                r - ring of poison resistance

@: about to teleport, very slow, somewhat resistant to hostile enchantments,
quite stealthy
A: fangs 3, blurry vision 1, cold resistance 1, regeneration 3, weak 1, magic
shield, antimagic bite, no device heal
a: Bend Time, Temporal Distortion, Slouch, Step From Time, Renounce Religion


You were on level 7 of the Lair of Beasts.
You worshipped Cheibriados.
Cheibriados was extremely pleased with you.
You were very full.

You visited 3 branches of the dungeon, and saw 20 of its levels.
You also visited: Ossuary, Ice Cave and Volcano.

You collected 431 gold pieces.
You spent 39 gold pieces at shops.

Inventory:

Missiles
 u - 2 javelins of returning (quivered)
Armour
 a - a +2 robe of fire resistance (worn)
 p - a cursed +0 ring mail
 q - a +0 helmet (worn)
 A - a +0 robe of fire resistance
 J - a +0 cloak (worn)
Magical devices
 l - a wand of cold (1)
 K - a wand of frost (5)
Comestibles
 b - 8 bread rations
 w - 2 meat rations
 H - 2 oranges
Scrolls
 c - 2 scrolls of amnesia
 e - a scroll of enchant armour
 f - 2 scrolls of recharging
 g - a scroll of immolation
 j - 3 scrolls of remove curse
 m - 2 scrolls of identify
 v - a scroll of noise
 x - 2 scrolls of teleportation
 y - a scroll of holy word
Jewellery
 d - an uncursed ring of flight
 h - an uncursed ring of teleportation
 k - an amulet of conservation (around neck)
 r - a ring of poison resistance (left hand)
 B - an uncursed ring of fire
 C - a +5 ring of intelligence (right hand)
 G - an uncursed ring of ice
 I - an uncursed amulet of the gourmand
Potions
 i - a potion of brilliance
 n - 2 potions of restore abilities
 o - 8 potions of curing
 z - a potion of lignification
 E - 2 potions of berserk rage {unknown}
 F - a potion of resistance {unknown}
Books
 s - a book of Geomancy

   Spells                             Type                      Level
   Sandblast                          Earth                        1
   *Stoneskin                         Transmutation/Earth          2
   Passwall                           Transmutation/Earth          3
   Stone Arrow                        Conjuration/Earth            3
   Petrify                            Transmutation/Earth          4
   Lee's Rapid Deconstruction         Earth                        5
 t - a book of Spatial Translocations

   Spells                             Type                      Level
   *Apportation                       Translocation                1
   *Blink                             Translocation                2
   *Shroud of Golubria                Charms/Translocation         2
   Portal Projectile                  Translocation                3
   Teleport Other                     Translocation                3
   Passage of Golubria                Translocation                4
 D - a book of Maledictions

   Spells                             Type                      Level
   Corona                             Hexes                        1
   Sure Blade                         Hexes/Charms                 2
   Ensorcelled Hibernation            Hexes/Ice                    2
   Confuse                            Hexes                        3
   Dazzling Spray                     Conjuration/Hexes            3
   Enslavement                        Hexes                        4
Miscellaneous
 L - a crystal ball of energy


   Skills:
 + Level 6.7 Fighting
 - Level 3.0 Throwing
 + Level 6.2 Dodging
 + Level 9.3 Stealth
 * Level 10.2 Unarmed Combat
 + Level 5.5 Spellcasting
 * Level 6.5 Translocations
 + Level 5.3 Invocations
 - Level 5.0 Evocations


You had 15 spell levels left.
You knew the following spells:

 Your Spells              Type           Power        Failure   Level  Hunger
a - Apportation           Tloc           #####.....   1%          1    None
b - Blink                 Tloc           N/A          1%          2    None
c - Shroud of Golubria    Chrm/Tloc      ####......   2%          2    None
d - Stoneskin             Trmt/Erth      #.........   12%         2    None


Dungeon Overview and Level Annotations

Branches:
Dungeon (12/15)            Temple (1/1) D:6             Orc (0/4) D:11
   Lair (7/8) D:9           Swamp (0/5) Lair:6        Snake (0/5) Lair:3
  Slime: Lair:6-8

Altars:
Ashenzari
Cheibriados
Dithmenos
Elyvilon
Fedhas
Kikubaaqudgha
Makhleb
Nemelex Xobeh
Okawaru
Sif Muna
Trog
Vehumet
Xom
Yredelemnul
The Shining One

Shops:
D:4 %   D:5 ?   D:11 :

Portals:
Trove: D:12 (give 15 scrolls of teleportation)

Annotations:
D:4 Blork the orc, Edmund
D:5 Prince Ribbit
Lair:3 Maud


Innate Abilities, Weirdness & Mutations

You are immune to rotting.
You have razor-sharp teeth.
You regenerate.
When hurt, damage is shared between your health and your magic reserves.
Your bite disrupts and absorbs the magic of your enemies.
Potions and wands cannot restore your HP.
Your vision is a little blurry.
Your flesh is cold resistant.
You are weak. (Str -2)


Message History

You are too injured to fight recklessly!
Use which ability? (? or * to list)
You warp the flow of time around you!
You feel somewhat less full.
Unknown command.
Drink which item? (? for menu, Esc to quit)
Okay, then.
Read which item? (? for menu, Esc to quit)
As you read the scroll of teleportation, it crumbles to dust.
You feel strangely unstable. The death yak barely misses you.
Something bites the plant.
Unknown command.
Drink which item? (? for menu, Esc to quit)
Okay, then.
Drink which item? (? for menu, Esc to quit)
Okay, then.
Unknown command.
Evoke which item? (* to show all) (? for menu, Esc to quit)
Okay, then.
The death yak gores you!
You die...

....P....#.
#........#...
##.......PP.%..
P...............
PP.....%...#.%.P.
PP..............##
#P.............P.P
##.....%.Y......PPP
..#.....Y@.#...PP
#............#..
#.P##........# .
#..........#
...#..........
.P..........#
P........#.
......... .#.


You could see 2 death yaks.

Vanquished Creatures
  3 death yaks
  A black mamba (Lair:7)
  5 spiny frogs
  2 komodo dragons
  3 trolls
  Grinder (D:5)
  A centaur skeleton (D:11)
  3 slime creatures (D:11)
  A polar bear (IceCv)
  3 blink frogs (Lair:5)
  3 toenail golems (Volcano)
  Eustachio (D:5)
  2 deep elf magi (D:12)
  A hippogriff (D:7)
  6 humans (Volcano)
  A yak (IceCv)
  2 hungry ghosts (D:11)
  4 nagas (Lair:3)
  A wolf (IceCv)
  5 water moccasins
  3 necrophages
  2 ice beasts
  A porcupine (Lair:3)
  A phantom (D:11)
  An ogre (D:11)
  5 crocodiles
  A sky beast (D:7)
  A big kobold (D:10)
  A giant slug (Lair:3)
  3 giant frogs
  3 water moccasin zombies (Ossuary)
  3 scorpions
  5 wights (D:11)
  A hippogriff zombie (D:12)
  A water moccasin skeleton (D:9)
  4 killer bees (D:11)
  9 hounds
  A giant frog skeleton (D:12)
  2 orc priests (D:7)
  2 iguanas
  2 orc wizards
  6 worker ants
  7 sheep (Lair:7)
  5 ogre zombies (D:11)
  3 big kobold zombies (Ossuary)
  2 mummies (Ossuary)
  An ogre skeleton (D:6)
  4 adders
  3 gnolls (D:5)
  33 green rats
  2 giant mites
  12 white imps (D:12)
  3 shadow imps
  A worm (D:11)
  An iguana zombie (D:6)
  7 adder zombies (Ossuary)
  A giant eyeball (D:11)
  An ooze (D:7)
  20 orcs
  A giant cockroach (D:2)
  12 hobgoblins
  2 jackals (D:11)
  4 quokkas
  15 bats
  5 giant geckos
  3 goblins
  3 goblin skeletons
  A goblin zombie (D:11)
  A hobgoblin skeleton (D:5)
  5 hobgoblin zombies
  12 kobolds
  4 kobold zombies (Ossuary)
  20 orc zombies
  16 rats
  A rat skeleton (D:4)
318 creatures vanquished.

Vanquished Creatures (others)
  3 bushes (Lair:3)
  A plant (D:9)
4 creatures vanquished.

Grand Total: 322 creatures vanquished

Notes
Turn   | Place    | Note
--------------------------------------------------------------
     0 | D:1      | 4tharraofdagon, the Vine Stalker Monk, began the quest for the Orb.
     0 | D:1      | Reached XP level 1. HP: 11/11 MP: 1/1
   111 | D:2      | Reached XP level 2. HP: 13/16 MP: 3/3
   310 | D:4      | Reached XP level 3. HP: 7/19 MP: 2/4
   361 | D:4      | Noticed Blork the orc
   362 | D:4      | Noticed a giant frog
   433 | D:4      | Noticed an orc warrior
   448 | D:4      | Found a shimmering altar of Xom.
   465 | D:4      | Noticed an ogre
   571 | D:4      | Found Mimpos' Food Shoppe.
   607 | D:4      | Noticed a hippogriff
   671 | D:4      | Noticed Edmund
   680 | D:4      | Reached XP level 4. HP: 9/24 MP: 2/5
   741 | D:5      | Entered Level 5 of the Dungeon
   742 | D:5      | Noticed Grinder
   754 | D:5      | Found a bloodstained altar of Trog.
   754 | D:5      | Found a shadowy altar of Dithmenos.
   786 | D:5      | Killed Grinder
   786 | D:5      | Reached skill level 5 in Unarmed Combat
   786 | D:5      | Reached XP level 5. HP: 3/28 MP: 7/7
   786 | D:5      | Gained mutation: You heal very quickly. [vine stalker growth]
   786 | D:5      | Reached XP level 6. HP: 3/32 MP: 8/8
   788 | D:5      | Found Igacaumunk's Magic Scroll Shoppe.
   797 | D:5      | Bought a scroll of teleportation for 39 gold pieces
   868 | D:5      | Noticed an ice beast
   959 | D:5      | Noticed Prince Ribbit
   973 | D:5      | Noticed Eustachio
   999 | D:5      | Killed Eustachio
   999 | D:5      | Reached skill level 6 in Unarmed Combat
   999 | D:5      | Reached XP level 7. HP: 2/37 MP: 0/9
  1220 | D:5      | Found a sand-covered staircase.
  1226 | Ossuary  | Entered an ossuary
  1294 | Ossuary  | Reached skill level 5 in Stealth
  1331 | Ossuary  | Reached skill level 1 in Evocations
  1486 | Ossuary  | Gained mutation: You are weak. (Str -2) [potion of mutation]
  1486 | Ossuary  | Gained mutation: Your vision is a little blurry. [potion of mutation]
  1486 | Ossuary  | Gained mutation: Your flesh is cold resistant. [potion of mutation]
  1518 | D:6      | Noticed a necrophage
  1539 | D:6      | Killed a necrophage
  1539 | D:6      | Reached skill level 1 in Spellcasting
  1539 | D:6      | Gained mutation: You have razor-sharp teeth. [vine stalker growth]
  1539 | D:6      | Reached XP level 8. HP: 38/42 MP: 11/13
  1547 | D:6      | Found a deep blue altar of Sif Muna.
  1563 | D:6      | Reached skill level 7 in Unarmed Combat
  1985 | D:6      | Found a staircase to the Ecumenical Temple.
  1994 | Temple   | Entered the Ecumenical Temple
  2024 | Temple   | Became a worshipper of Cheibriados the Contemplative
  2395 | D:7      | Reached skill level 1 in Invocations
  2574 | D:9      | Reached XP level 9. HP: 10/46 MP: 6/18
  2660 | D:10     | Entered Level 10 of the Dungeon
  2796 | D:10     | Reached skill level 5 in Fighting
  2957 | D:10     | Acquired Cheibriados' first power
  3085 | D:11     | Reached skill level 8 in Unarmed Combat
  3129 | D:11     | Learned a level 1 spell: Apportation
  3132 | D:11     | Learned a level 2 spell: Blink
  3135 | D:11     | Learned a level 2 spell: Shroud of Golubria
  3199 | D:11     | Reached skill level 1 in Translocations
  3208 | D:11     | Found a staircase to the Orcish Mines.
  3257 | D:11     | Acquired Cheibriados' second power
  3329 | D:11     | Paralysed by a giant eyeball for 3 turns
  3347 | D:11     | Reached skill level 5 in Dodging
  3389 | D:10     | Reached XP level 10. HP: 47/51 MP: 21/21
  3443 | D:11     | Found Gakemnue's Book Shop.
  3566 | D:12     | Learned a level 2 spell: Stoneskin
  3581 | D:12     | Acquired Cheibriados' third power
  3695 | D:12     | Found a portal to a secret trove of treasure.
  3748 | D:12     | Found a frozen archway.
  3781 | IceCv    | Entered an ice cave
  3807 | IceCv    | HP: 1/53 [wolf (8)]
  3812 | IceCv    | HP: 2/53 [wolf (2)]
  3813 | IceCv    | Reached skill level 9 in Unarmed Combat
  3869 | D:12     | Noticed a manticore
  4146 | D:9      | Noticed a troll
  4157 | D:9      | Killed a troll
  4205 | D:9      | Found a staircase to the Lair.
  4218 | Lair:1   | Entered Level 1 of the Lair of Beasts
  4260 | Lair:1   | Reached skill level 1 in Throwing
  4322 | Lair:2   | Reached skill level 5 in Evocations
  4387 | Lair:3   | Reached XP level 11. HP: 51/56 MP: 21/24
  4495 | Lair:3   | Noticed Maud
  4503 | Lair:3   | Noticed a six-headed hydra
  4534 | Lair:3   | Found a dark tunnel.
  4544 | Volcano  | Entered a volcano
  4568 | Volcano  | Reached skill level 5 in Translocations
  4813 | Lair:3   | Found a staircase to the Snake Pit.
  5013 | Lair:5   | Reached skill level 5 in Spellcasting
  5182 | Lair:6   | Found a staircase to the Swamp.
  5183 | Lair:6   | Noticed an eight-headed hydra
  5270 | Lair:7   | Noticed a death yak
  5273 | Lair:7   | Noticed a death yak
  5274 | Lair:7   | Reached skill level 10 in Unarmed Combat
  5275 | Lair:7   | Noticed a death yak
  5275 | Lair:7   | Reached skill level 5 in Invocations
  5277 | Lair:7   | Noticed a death yak
  5278 | Lair:7   | Noticed a death yak
  5279 | Lair:7   | Killed a death yak
  5285 | Lair:6   | Killed a death yak
  5285 | Lair:6   | Gained mutation: You regenerate. [vine stalker growth]
  5285 | Lair:6   | Reached XP level 12. HP: 53/62 MP: 26/26
  5294 | Lair:6   | Killed a death yak
  5443 | Lair:7   | Mangled by a death yak

Action                   |  1- 3 |  4- 6 |  7- 9 | 10-12 || total
-------------------------+-------+-------+-------+-------++-------
Melee: Unarmed           |    75 |    37 |   422 |   353 ||   887
Throw: Javelin           |       |       |       |    14 ||    14
 Cast: Apportation       |       |       |       |     5 ||     5
Invok: Slouch            |       |       |       |     4 ||     4
       Temporal Distorti |       |       |       |     2 ||     2
 Abil: Evoke Teleportati |       |       |     3 |       ||     3
Evoke: Wand              |       |       |     2 |     1 ||     3
  Use: Potion            |     2 |       |     4 |     1 ||     7
       Scroll            |       |     2 |    15 |     6 ||    23
 Stab: Sleeping          |     1 |     2 |    14 |    27 ||    44
       Distracted        |       |       |     3 |     4 ||     7

Vault maps used:
D:1:      dpeg_arrival_fog, corexii_leaking_fountain, minmay_statues_item,
          solitary_fountain, minmay_misc_feat_nine_boxes,
          wad_floor_pattern_untrapped, minmay_cupped
D:2:      uniq_crazy_yiuf_cottage
D:3:      kennysheep_generic_room_9, uniq_terence, uniq_natasha, uniq_iyjb,
          uniq_sigmund
D:4:      xom_teletrap_fun, serial_shops, shop, min_item_tele_traps,
          kennysheep_nondescript, uniq_blork_the_orc, uniq_edmund
D:5:      zin_statuary, gammafunk_temple_overflow_wave, first_bread,
          serial_shops, shop, enter_ossuary_3, uniq_eustachio, uniq_grinder,
          uniq_prince_ribbit1
D:6:      overflow_temple_1_default, minmay_temple_entry_mist
D:8:      serial_shops, shop, grunt_livestock, small_chamber_with_monster
D:9:      statuecave_lemuel, grunt_lair_entry_elf_guard_hut, basic_altar,
          serial_shops, shop
D:11:     zombieorc1_lemuel, serial_shops, shop, minmay_variable_closet
D:12:     portal_ice_cave_entry_imps, enter_trove_0
Temple:   triangle_lava_temple_11
Lair:2:   forest_entry_grove, bh_autumn_forest_stairs
Lair:3:   minmay_snake_entry_guardpost_medium, nicolae_volcano_entry_hallway,
          minmay_hedge_maze, uniq_maud
Lair:4:   uniq_fannar, uniq_erica
Lair:5:   lemuel_fruit_tree
Lair:6:   minmay_swamp_entry_reptiles, uniq_nergalle
Lair:7:   lab_entry_generic
Ossuary:  ossuary_tomb_2
IceCv:    ice_cave_caverns_03
Volcano:  volcano_bunker
